 Dungeon Crawl Stone Soup version 0.18.1-48-g4cf74bf (webtiles) character file.

58 Inkary the Skirmisher (level 3, 0/33 HPs)
             Began as a Draconian Fighter on July 31, 2016.
             Succumbed to an adder's poison
             ... on level 2 of the Dungeon.
             The game lasted 00:01:16 (996 turns).

Inkary the Skirmisher (Draconian Fighter)            Turns: 996, Time: 00:01:16

Health: 0/33       AC:  5    Str: 21 (23) XL:     3   Next: 75%
Magic:  3/3        EV: 10    Int:  7 (10) God:
Gold:   6          SH:  9    Dex:  8 (11) Spells: 0 memorised, 2 levels left

rFire  . . .     SeeInvis .     a - +0 flail
rCold  . . .     Gourm    .     (armour unavailable)
rNeg   . . .     Faith    .     b - +0 shield
rPois  .         Spirit   .     (helmet restricted)
rElec  .         Dismiss  .     (no cloak)
rCorr  .         Reflect  .     (no gloves)
SustAt .         Harm     .     (no boots)
MR     .....                    (no amulet)
Stlth  +.........               (no ring)
                                (no ring)

@: mighty, lethally poisoned (0 -> -4), not resistant to hostile enchantments,
very unstealthy
A: unfitting armour, horns 1, clever 1, cold-blooded, AC +5
a: no special abilities


You were on level 2 of the Dungeon.
You were hungry.

You visited 1 branch of the dungeon, and saw 2 of its levels.

You collected 6 gold pieces.

Inventory:

Hand Weapons
 a - a +0 flail (weapon)
Armour
 b - a +0 shield (worn)
Scrolls
 e - a scroll of immolation {unknown}
 f - 2 scrolls of identify {unknown}
 g - a scroll of fear {unknown}
Potions
 j - a potion of degeneration
Comestibles
 d - a bread ration
 h - 4 chunks of flesh


   Skills:
 + Level 4.0 Fighting
 + Level 2.7 Maces & Flails
 + Level 3.2 Dodging
 + Level 3.2 Shields


You had 2 spell levels left.
You didn't know any spells.

Dungeon Overview and Level Annotations

Branches:
Dungeon (2/15)

Altars:


Innate Abilities, Weirdness & Mutations

Your plain brown scales are hard (AC +5).
Your body does not fit into most forms of armour.
You are cold-blooded and may be slowed by cold attacks.
You have a pair of small horns on your head.
Your mind is acute. (Int +2)


Message History

It was a potion of mutation.
You feel extremely strange.
You feel clever. A pair of horns grows on your head!
* * * LOW HITPOINT WARNING * * *
You feel sick. The adder misses you. The rat barely misses you.
The adder barely misses you.
You hit the adder.
The adder is lightly wounded.
* * * LOW HITPOINT WARNING * * *
You feel sick. You block the adder's attack. You block the rat's attack.
Drink which item? (? for menu, Esc to quit)
You feel very mighty all of a sudden. The adder barely misses you.
You block the rat's attack. The adder bites you.
* * * LOW HITPOINT WARNING * * *
Your shield prevents you from hitting the adder.
The adder is lightly wounded.
You block the adder's attack. The rat barely misses you.
You block the adder's attack. The rat barely misses you.
You closely miss the adder. Your headbutt misses the adder.
The adder is lightly wounded.
You die...

##..........#
............####
#....).........
#........# ##.
#.....<(.###....
###.##(.(..!...#
#..##..........
#..............
#....#@?.......
....###Sr..(....
...> ..........
### ##.........
##........
......? .......
.......


You could see an adder and a rat.

Vanquished Creatures
  2 adders
  An ooze (D:1)
  3 dart slugs (D:1)
  A giant gecko (D:1)
  A bat (D:1)
  A giant cockroach (D:1)
  2 goblins
  2 hobgoblins (D:1)
  4 jackals (D:1)
  7 kobolds
  2 giant newts (D:1)
  2 rats (D:1)
28 creatures vanquished.

Notes
Turn   | Place    | Note
--------------------------------------------------------------
     0 | D:1      | Inkary the Draconian Fighter began the quest for the Orb.
     0 | D:1      | Reached XP level 1. HP: 19/19 MP: 1/1
   179 | D:1      | Reached XP level 2. HP: 26/26 MP: 2/2
   381 | D:1      | Reached XP level 3. HP: 24/33 MP: 3/3
   971 | D:2      | Reached skill level 4 in Fighting
   992 | D:2      | Gained mutation: Your mind is acute. (Int +2) [potion of mutation]
   992 | D:2      | Gained mutation: You have a pair of small horns on your head. [potion of mutation]
   994 | D:2      | HP: 1/33 [adder (2)]
   996 | D:2      | Succumbed to an adder's poison

Skill      XL: |  1  2  3 |
---------------+----------+-----
Dodging        | 3 |  3.2
Fighting       | 4 |  4.0
Maces & Flails | |  2.7
Shields        | |  3.2

Action                   || total
-------------------------++-------
Melee: Flail             ||   106
       Tailslap          ||     9
  Use: Potion            ||     3
Armor: Skin              ||    40
Dodge: Dodged            ||    51
Block: Shield            ||    84
